 Dungeon Crawl Stone Soup version 0.24-a0-250-g6074511 (webtiles) character file.

Game seed: 4779970378605208968

590 Borgoz the Cutter (level 7, -7/43 HPs)
             Began as a Kobold Gladiator on Apr 16, 2019.
             Killed by divine providence
             ... invoked by an orc priest
              (13 damage)
             ... on level 4 of the Dungeon.
             The game lasted 00:09:36 (3850 turns).

Borgoz the Cutter (Kobold Gladiator)                Turns: 3850, Time: 00:09:36

Health: -7/43      AC:  6    Str: 13    XL:     7   Next: 66%
Magic:  7/7        EV: 18    Int:  9    God:
Gold:   153        SH:  0    Dex: 17    Spells: 6/6 levels left

rFire    . . .     SeeInvis .   a - +0 rapier
rCold    . . .     Gourm    .   (shield restricted)
rNeg     . . .     Faith    .   b - +0 leather armour
rPois    .         Spirit   .   h - +2 hat
rElec    .         Reflect  .   (no cloak)
rCorr    .         Harm     .   (no gloves)
MR       .....                  (no boots)
Stlth    +++.......             (no amulet)
HPRegen  0.14/turn              e - +1 ring of protection
MPRegen  0.10/turn              k - +1 ring of evasion

@: lethally poisoned (-7 -> -8), lightly drained
A: small, carnivore
a: no special abilities


You were on level 4 of the Dungeon.
You were completely stuffed.

You visited 1 branch of the dungeon, and saw 5 of its levels.

You collected 153 gold pieces.

Inventory:

Hand Weapons
 a - a +0 rapier (weapon)
 t - a +2 dagger of freezing
Missiles
 d - 2 throwing nets (quivered)
Armour
 b - a +0 leather armour (worn)
 h - a +2 hat (worn)
Jewellery
 e - a +1 ring of protection (left hand)
 k - a +1 ring of evasion (right hand)
 p - a +3 ring of intelligence
 q - an uncursed ring of magical power
Scrolls
 c - 2 scrolls of enchant armour {unknown}
 g - 2 scrolls of enchant weapon {unknown}
 i - a scroll of fear {unknown}
 l - 2 scrolls of random uselessness {unknown}
 m - a scroll of amnesia {unknown}
 n - 2 scrolls of magic mapping {unknown}
 o - 2 scrolls of fog {unknown}
 r - 3 scrolls of remove curse
 s - a scroll of identify
 u - a scroll of noise {unknown}
 y - a scroll of immolation {unknown}
Potions
 w - a potion of cancellation
 x - a potion of magic
Comestibles
 f - 6 rations
 j - 2 chunks of flesh


   Skills:
 + Level 4.2(3.8) Fighting
 + Level 6.0(5.5) Short Blades
 - Level 2.1(1.7) Throwing
 + Level 2.5(2.1) Armour
 + Level 5.5(5.0) Dodging
 + Level 4.6(4.1) Stealth


You had 6 spell levels left.
You didn't know any spells.
Your spell library contained the following spells:

 Spells                   Type           Power        Failure   Level  Hunger
 Confusing Touch          Hex            #.....       45%         1    ##.....
 Confuse                  Hex            #.......     83%         3    ####...
 Gell's Gravitas          Tloc           #.........   83%         3    ####...
 Petrify                  Tmut/Erth      #.......     99%         4    #####..
 Metabolic Englaciation   Hex/Ice        #.........   100%        5    ######.
 Yara's Violent Unravell  Hex/Tmut       #.........   100%        5    ######.


Dungeon Overview and Level Annotations

Branches:
Dungeon (5/15)
 Temple: D:4-7

Altars:
Xom
The Shining One


Innate Abilities, Weirdness & Mutations

You are small and have problems with some larger weapons.
You are carnivorous and can eat meat at any time.


Message History

You hit the orc.
The orc is almost dead.
The orc wizard hits you but does no damage.
The orc hits you but does no damage. The orc misses you.
The orc wizard closely misses you.
You hit the orc but do no damage.
The orc is almost dead.
The orc hits you but does no damage.
The orc priest mumbles some strange prayers to Beogh against you.
Beogh smites you!
* * * LOW HITPOINT WARNING * * *
The orc hits you with a +0 hand axe.
* * * LOW HITPOINT WARNING * * *
The orc hits you but does no damage.
The orc wizard gestures wildly while chanting.
The orc wizard blinks!
You feel sick. The orc barely misses you.
The orc priest invokes the aid of Beogh against you.
Beogh smites you!
You die...

###### .......
.....#.. .....##
#######.# . ....##
#.....#. .## ...##
##.....# ..# . ..+.
#......# ##.# ###.##
#...ooo# ..# ..#.##
#...o.o#####^# #.#...
#.###@##.....+#.#.#.[.
#...........#.#.>.
####.....####.#...
#...>.#..#.....
#.....#........
#######....#........
#....##....#....>...
#######......#........
#............#(.......


You could see an orc priest, an orc wizard and 3 orcs.

Vanquished Creatures
  An ogre (D:3)
  A scorpion (D:4)
  A hound (D:4)
  2 orc priests (D:3)
  4 orc wizards
  An iguana (D:3)
  Terence (D:2)
  A worker ant (D:3)
  8 adders
  3 worms
  2 dart slugs (D:1)
  3 leopard geckos (D:2)
  14 orcs
  2 bats
  4 giant cockroaches
  10 goblins
  8 hobgoblins
  8 jackals
  3 quokkas
  8 frilled lizards
  5 kobolds
  A quokka skeleton (D:4)
  4 rats
95 creatures vanquished.

Notes
Turn   | Place    | Note
-------+----------+-------------------------------------------
     0 | D:1      | Borgoz the Kobold Gladiator began the quest for the Orb.
     0 | D:1      | Reached XP level 1. HP: 12/12 MP: 1/1
    60 | D:1      | Reached XP level 2. HP: 17/18 MP: 2/2
    75 | D:1      | Reached skill level 1 in Stealth
   223 | D:1      | Reached XP level 3. HP: 19/22 MP: 3/3
   486 | D:1      | Found a glowing golden altar of the Shining One.
   663 | D:1      | Reached skill level 1 in Armour
   663 | D:1      | Reached XP level 4. HP: 14/27 MP: 4/4
   951 | D:2      | Noticed Terence
   962 | D:2      | Killed Terence
   981 | D:2      | Reached XP level 5. HP: 21/32 MP: 5/5
  1190 | D:2      | Reached skill level 5 in Short Blades
  2029 | D:3      | Reached XP level 6. HP: 23/37 MP: 6/6
  2317 | D:3      | Found a shimmering altar of Xom.
  2987 | D:3      | Reached skill level 5 in Dodging
  3112 | D:4      | Noticed an ogre
  3314 | D:3      | Reached XP level 7. HP: 26/42 MP: 7/7
  3720 | D:5      | Entered Level 5 of the Dungeon
  3836 | D:4      | Reached skill level 6 in Short Blades
  3850 | D:4      | Killed from afar by an orc priest

Levels and vault maps discovered:
D:1:      wander_arrival_lonely_grave, layout_basic, minivault_11, tso_altar
D:2:      layout_rooms, guppyfry_early_orc_mine, uniq_terence
D:3:      layout_loops_ring, xom_teletrap_fun, chequers_serial_rivers_room_b,
          chequers_avenue, grunt_ministairs_8
D:4:      layout_gridville, lemuel_doored_altar, serial_co_window_serial,
          co_window_corner_a, co_window_of_opportunity_a, co_window_corner_a,
          co_window_paths_b, co_window_paths_a, co_window_paths_a,
          co_window_corner_a, co_window_2corner, co_window_corner_b,
          co_window_of_opportunity_b, co_window_paths_d, glass_columns_b
D:5:      layout_rooms, gammafunk_temple_overflow_wave, gammafunk_ghost_arena,
          serial_shops, shop, first_ration, minmay_misc_feat_diagonals,
          hex_intersection, fedhas_ov_isle_minmay

Skill      XL: |  1  2  3  4  5  6  7 |
---------------+----------------------+-----
Stealth        | 1 2 3 4 |  4.6
Dodging        | 4 5 |  5.5
Armour         | 1 2 |  2.5
Fighting       | 3 4 |  4.2
Short Blades   | 5 6 |  6.0
Throwing       | |  2.1

Action                   |  1- 3 |  4- 6 |  7- 9 || total
-------------------------+-------+-------+-------++-------
Melee: Rapier            |   105 |   272 |    71 ||   448
Throw: Throwing net      |     1 |     2 |       ||     3
  Use: Potion            |       |     6 |     2 ||     8
       Scroll            |       |     4 |       ||     4
 Stab: Sleeping          |     2 |     3 |       ||     5
       Distracted        |       |     1 |       ||     1
       Held in net/web   |       |     2 |       ||     2
       Invisible         |       |       |     2 ||     2
  Eat: Chunk             |     8 |     8 |     2 ||    18
Armor: Leather armour    |    33 |    54 |    13 ||   100
Dodge: Dodged            |   132 |   227 |    49 ||   408

Table legend:
 A = Non-vault XP
 B = Vault XP
 C = Vault XP percentage of total XP
 D = Non-vault monster count
 E = Vault monster count
 F = Vault count percentage of total count
                 A         B        C        D         E       F
            +---------+---------+-------+---------+---------+-------
      Total |     782 |      61 |   7.2 |      85 |      10 |  10.5
            +---------+---------+-------+---------+---------+-------
        D:1 |      61 |       0 |   0.0 |      27 |       0 |   0.0
        D:2 |     107 |      53 |  33.1 |      27 |       8 |  22.9
        D:3 |     447 |       8 |   1.8 |      25 |       2 |   7.4
        D:4 |     167 |       0 |   0.0 |       6 |       0 |   0.0
            +---------+---------+-------+---------+---------+-------
